 Dungeon Crawl Stone Soup version 0.19-a0-994-g3c636f0 (webtiles) character file.

58612 Gruud the Slicer (level 14, -13/101 HPs)
             Began as a Demonspawn Gladiator on July 16, 2016.
             Was a Follower of Uskayaw.
             Mangled by an orc warlord
             ... wielding a +0 bardiche of venom
              (25 damage)
             ... on level 1 of the Orcish Mines.
             The game lasted 01:49:52 (21496 turns).

Gruud the Slicer (Demonspawn Gladiator)            Turns: 21496, Time: 01:49:53

Health: -13/101    AC: 21    Str: 22    XL:     14   Next: 50%
Magic:  24/24      EV: 12    Int: 16    God:    Uskayaw [*.....]
Gold:   502        SH: 14    Dex: 20    Spells: 5 memorised, 1 level left

rFire  + . .     SeeInvis +     a - +7 rapier of Ragnarok {flame, +Fly rElec rN+ Int+2}
rCold  + . .     Gourm    .     c - +5 leather armour "Dioricos" {-Cast rElec Regen+ Int+4}
rNeg   + . .     Faith    +     D - +2 shield of Resistance {rF+ rC+ MR+}
rPois  .         Spirit   .     i - +1 hat
rElec  +         Dismiss  .     A - +2 cloak {MR+}
rCorr  .         Reflect  .     X - +1 pair of gloves {Dex+3}
SustAt .         Harm     .     x - +2 pair of boots {Fly}
MR     ++++.     NoCast   +     F - amulet of faith
Stlth  ++++......               M - ring of see invisible
                                q - ring of protection from magic

@: mighty, lethally poisoned (-13 -> -14), flying, incredibly resistant to
hostile enchantments, stealthy
A: antennae 1, molten scales 2, foul stench 1, powered by pain 2, rot immunity
a: Stomp, Renounce Religion, Stop Flying


You were on level 1 of the Orcish Mines.
You worshipped Uskayaw.
Uskayaw was pleased with you.
You were not hungry.

You visited 4 branches of the dungeon, and saw 21 of its levels.
You also visited: Labyrinth.

You collected 1901 gold pieces.
You spent 1399 gold pieces at shops.

Inventory:

Hand Weapons
 a - the +7 rapier of Ragnarok (weapon) {flame, +Fly rElec rN+ Int+2}
   (You found it on level 8 of the Dungeon)

   It has been specially enchanted to burn those struck by it, causing extra
   injury to most foes and up to half again as much damage against particularly
   susceptible opponents.
   It affects your intelligence (+2).
   It insulates you from electricity.
   It protects you from negative energy.
   It lets you fly.
 y - the +3 Elemental Staff {rElec rF++ rC++ MR++ AC+5}
   (You found it in a labyrinth)

   It affects your AC (+5).
   It greatly protects you from fire.
   It greatly protects you from cold.
   It insulates you from electricity.
   It affects your resistance to hostile enchantments.
 B - a +4 blowgun
Missiles
 O - 5 javelins (quivered)
 U - 8 curare-tipped needles
Armour
 b - the +7 chain mail of a treasure trove {rElec Str+2 SInv}
   (You bought it in a shop on level 2 of the Orcish Mines)

   It affects your strength (+2).
   It insulates you from electricity.
   It lets you see invisible.
 c - the +5 leather armour "Dioricos" (worn) {-Cast rElec Regen+ Int+4}
   (You bought it in a shop on level 5 of the Dungeon)

   It affects your intelligence (+4).
   It insulates you from electricity.
   It prevents spellcasting.
   It increases your rate of regeneration.
 i - a +1 hat (worn)
 x - a +2 pair of boots of flying (worn)
 A - a +2 cloak of magic resistance (worn)
 C - a +0 chain mail of poison resistance
 D - the +2 shield of Resistance (worn) {rF+ rC+ MR+}
   (You found it on level 6 of the Lair of Beasts)

   It protects you from fire.
   It protects you from cold.
   It affects your resistance to hostile enchantments.
 X - a +1 pair of gloves of dexterity (worn)
Jewellery
 q - a ring of protection from magic (left hand)
 F - an amulet of faith (around neck)
 I - an uncursed ring of protection from cold
 M - a ring of see invisible (right hand)
 S - an uncursed ring of wizardry
Wands
 d - a wand of teleportation (6/9)
 m - a wand of digging (11/24)
 n - a wand of lightning (4/15)
 u - a wand of disintegration (12/24)
 T - a wand of teleportation (5/9)
 W - a wand of acid (9/15)
 Z - a wand of iceblast (11/15)
Scrolls
 e - 11 scrolls of remove curse
 h - 2 scrolls of fog
 r - 5 scrolls of enchant weapon
 v - 4 scrolls of teleportation
 w - 4 scrolls of fear
 E - 2 scrolls of recharging
 R - 3 scrolls of magic mapping
 V - a scroll of blinking
Potions
 g - 4 potions of haste
 s - 5 potions of resistance
 t - a potion of cancellation {unknown}
 z - 3 potions of heal wounds
 G - a potion of might
 H - a potion of ambrosia
 K - 4 potions of curing
 L - 3 potions of agility
 N - 4 potions of berserk rage
 Q - 3 potions of magic
Books
 l - a book of Burglary

   Spells                             Type                      Level
   a - Swiftness                      Charms/Air                   2
   b - Passwall                       Transmutation/Earth          2
   c - Passage of Golubria            Translocation                4
   d - Lee's Rapid Deconstruction     Earth                        5
   e - Darkness                       Hexes                        6
   f - Invisibility                   Hexes                        6
 p - a book of Enchantments

   Spells                             Type                      Level
   a - Cause Fear                     Hexes                        4
   b - Yara's Violent Unravelling     Hexes/Transmutation          5
   c - Silence                        Hexes/Air                    5
   d - Deflect Missiles               Charms/Air                   6
   e - Haste                          Charms                       6
   f - Discord                        Hexes                        8
Miscellaneous
 J - a phantom mirror
Comestibles
 f - 15 bread rations
 j - 7 fruits
 k - 6 meat rations
 o - 5 beef jerkies
 P - 13 slices of pizza
 Y - 13 royal jellies


   Skills:
 + Level 6.5 Fighting
 - Level 14.0 Short Blades
 - Level 1.7 Throwing
 - Level 7.0 Armour
 + Level 9.8 Dodging
 + Level 6.5 Stealth
 + Level 8.2 Shields
 + Level 13.6 Invocations


You had one spell level left.
You knew the following spells:

 Your Spells              Type           Power        Failure   Level  Hunger
a - Haste                 Chrm           #.......     100%        6    #######
b - Summon Butterflies    Summ           #.......     71%         1    ##.....
c - Apportation           Tloc           #.........   71%         1    ##.....
d - Passwall              Tmut/Erth      #.........   89%         2    ###....
e - Swiftness             Chrm/Air       #.......     89%         2    ###....


Dungeon Overview and Level Annotations

Branches:
Dungeon (12/15)            Temple (1/1) D:4            Lair (6/6) D:8
  Swamp (0/4) Lair:3        Snake (0/4) Lair:2        Slime (0/5) Lair:6
    Orc (2/2) D:10            Elf (0/3) Orc:2

Altars:
Ashenzari
Cheibriados
Dithmenos
Elyvilon
Fedhas
Gozag
Hepliaklqana
Kikubaaqudgha
Makhleb
Nemelex Xobeh
Okawaru
Pakellas
Qazlal
Ru
Sif Muna
Trog
Uskayaw
Vehumet
Xom
Yredelemnul
Zin
The Shining One
Jiyva

Shops:
D:5 [   Orc:1 !   Orc:2 :[(*(

Portals:
Trove: D:10 (give 7 potions of haste)

Annotations:
D:7 George's ghost, novice MiFi


Innate Abilities, Weirdness & Mutations

You have a pair of small antennae on your head.
You are mostly covered in molten scales. (AC +3, EV -1)
You may emit foul miasma when damaged in melee.
You sometimes gain power by taking damage.
You are immune to rotting.


Message History

You kill the orc!
The orc warrior hits you from afar with a glaive of flaming!
The orc warrior burns you. You block the ogre's attack.
The orc warlord hits you from afar with a bardiche of venom!
You are poisoned.
Unknown command.
You completely miss the ogre.
You feel sick. You block the orc's attack.
Unknown command.
You feel sick. The warg bites you.
The warg looks sick.
The orc warrior hits you with a mace!
* * * LOW HITPOINT WARNING * * *
You focus on the pain.
You feel very mighty all of a sudden.
You emit a cloud of foul miasma!
You block the orc warrior's attack. You block the orc's attack.
The ogre completely misses you. The warg bites you!
* * * LOW HITPOINT WARNING * * *
The orc warlord roars a battlecry!
The orcs go into a battle-frenzy!
The orc warlord hits you from afar with a bardiche of venom!!
You die...

##.#......####..##.#.
##...#..#...##........
#...........#....##.#.
#............#....####
##...........###.#§###
##.....o........#...§.#
##.....ooo.......§§§§...
##.....O)h........#§§§§.#
##.#....o@oo......##8§..##
##...#.#.oo......#####§##.#
##.........o......###.##§§§.
#...#...#.......(......§§§.#
#.......#..................#
##.......#.................§#
####.........#..................
##.###....#..###............#....
#...###..#.##.#.........#<.......


You could see an orc warlord, a warg, 4 orc warriors, an ogre, an orc priest and
4 orcs.

Vanquished Creatures
  Rupert (Lair:5)
  2 orc warlords (Orc:2)
  Nessos (Lair:6)
  Snorg (D:10)
  An ettin (Orc:1)
  A minotaur (Lab)
  A catoblepas (Lair:6)
  Erica (D:9)
  5 death yaks (Lair:6)
  A deep troll shaman (Lair:6)
  Urug (D:12)
  3 orc high priests (Orc:2)
  Nergalle (D:10)
  Sonja (Lair:1)
  3 hill giants
  A lindwurm (Lair:6)
  3 orc knights (Orc:2)
  11 orc sorcerers
  A deep elf mage (D:8)
  A cyclops (Orc:2)
  Maurice (D:9)
  11 elephants
  3 black mambas
  10 spiny frogs
  2 rime drakes
  3 komodo dragons
  A queen bee (D:12)
  3 meliai (D:12)
  6 trolls
  A polar bear (Lair:6)
  2 two-headed ogres
  6 slime creatures
  2 giant leeches (Lair:3)
  4 blink frogs (Lair:5)
  A human (D:10)
  3 basilisks
  2 wyverns
  27 yaks
  A hog (D:10)
  3 hippogriffs
  4 wargs
  3 nagas (Lair:2)
  4 water moccasins
  30 orc warriors
  11 porcupines
  2 ice beasts
  A black bear (Lair:6)
  An eye of draining (D:9)
  6 ogres
  11 centaurs
  2 sky beasts
  2 phantoms
  6 wolves (Lair:6)
  10 crocodiles
  12 giant frogs
  The ghost of crawlian the Firebug, an amateur DEFE (D:5)
  2 gnoll sergeants
  6 scorpions
  39 killer bees
  12 wights
  An electric eel (Lair:2)
  A howler monkey (D:8)
  3 crimson imps
  A giant frog zombie (D:7)
  A quasit (D:11)
  A centaur zombie (D:9)
  4 jellies
  9 hounds
  2 centaur skeletons
  13 orc priests
  4 giant frog skeletons
  20 orc wizards
  4 iguanas
  6 worker ants
  23 sheep
  A hound zombie (D:8)
  43 gnolls
  A howler monkey skeleton (D:5)
  12 adders
  10 river rats (Lair:3)
  2 shadow imps
  An adder skeleton (D:5)
  3 worms
  5 dart slugs
  4 giant geckos
  68 orcs
  2 ball pythons (D:5)
  10 giant cockroaches
  10 hobgoblins
  25 jackals
  8 kobolds
  2 quokkas
  11 bats
  6 giant newts
  11 goblins
  A jackal zombie (D:5)
  7 rats
634 creatures vanquished.

Vanquished Creatures (others)
  7 fungi (Orc:2)
7 creatures vanquished.

Grand Total: 641 creatures vanquished

Notes
Turn   | Place    | Note
-------+----------+-------------------------------------------
     0 | D:1      | Gruud the Demonspawn Gladiator began the quest for the Orb.
     0 | D:1      | Reached XP level 1. HP: 16/16 MP: 1/1
   204 | D:1      | Reached skill level 3 in Short Blades
   282 | D:1      | Gained mutation: You sometimes gain a little power by taking damage. [demonic ancestry]
   282 | D:1      | Reached XP level 2. HP: 5/22 MP: 2/2
   795 | D:1      | Gained mutation: You sometimes gain power by taking damage. [demonic ancestry]
   795 | D:1      | Reached XP level 3. HP: 20/27 MP: 3/3
   989 | D:1      | Reached skill level 4 in Short Blades
  1569 | D:2      | Gained mutation: You have a pair of small antennae on your head. [demonic ancestry]
  1569 | D:2      | Reached XP level 4. HP: 26/33 MP: 4/4
  1762 | D:2      | Found an oddly glowing altar of Pakellas.
  2407 | D:3      | Reached skill level 5 in Short Blades
  2407 | D:3      | Reached XP level 5. HP: 5/38 MP: 5/5
  3144 | D:2      | Reached skill level 1 in Armour
  3194 | D:3      | Gained mutation: You are partially covered in molten scales. (AC +1) [demonic ancestry]
  3194 | D:3      | Reached XP level 6. HP: 36/44 MP: 6/6
  3477 | D:4      | Reached skill level 6 in Short Blades
  3740 | D:4      | Found a staircase to the Ecumenical Temple.
  3747 | Temple   | Entered the Ecumenical Temple
  4706 | D:5      | Entered Level 5 of the Dungeon
  4756 | D:5      | Gained mutation: You are mostly covered in molten scales. (AC +3, EV -1) [demonic ancestry]
  4756 | D:5      | Reached XP level 7. HP: 8/50 MP: 7/7
  5379 | D:4      | Reached skill level 7 in Short Blades
  5707 | D:5      | Noticed crawlian's ghost (amateur DEFE)
  5742 | D:5      | Killed crawlian's ghost
  6126 | D:5      | Found Tiacsea's Antique Armour Boutique.
  6129 | D:5      | Bought a pair of runed boots for 135 gold pieces
  6423 | D:5      | Reached XP level 8. HP: 48/56 MP: 8/8
  6554 | D:6      | Reached skill level 8 in Short Blades
  7015 | D:6      | Noticed a dagger
  7015 | D:6      | Noticed a dagger
  7018 | D:6      | Found a hide-covered altar of Uskayaw.
  7028 | D:6      | Became a worshipper of Uskayaw the Reveler
  7036 | D:6      | Reached * piety under Uskayaw
  7084 | D:6      | Reached skill level 1 in Invocations
  7084 | D:6      | Reached ** piety under Uskayaw
  7289 | D:5      | Bought an embroidered cloak for 135 gold pieces
  7490 | D:6      | Reached *** piety under Uskayaw
  7500 | D:6      | HP: 1/56 [ogre/giant club (23)]
  7819 | D:6      | Reached skill level 9 in Short Blades
  8334 | D:6      | Reached **** piety under Uskayaw
  8340 | D:6      | Reached ***** piety under Uskayaw
  8363 | D:6      | Gained mutation: You are immune to rotting. [demonic ancestry]
  8363 | D:6      | Reached XP level 9. HP: 60/61 MP: 11/11
  8506 | D:6      | Reached skill level 5 in Armour
  9077 | D:7      | Noticed George's ghost (novice MiFi)
  9807 | D:5      | Bought a runed chain mail for 135 gold pieces
  9989 | D:7      | Reached skill level 5 in Invocations
 10008 | D:7      | Reached skill level 10 in Short Blades
 10208 | D:7      | Got a twisted leather armour
 10222 | D:7      | Identified the +0 leather armour of Wariness {rF++} (You found it on level 7 of the Dungeon)
 10309 | D:8      | Noticed a deep elf mage
 10380 | D:8      | Killed a deep elf mage
 10380 | D:8      | Reached ****** piety under Uskayaw
 10508 | D:8      | Reached XP level 10. HP: 60/67 MP: 14/14
 10530 | D:8      | Got a bloodstained rapier
 10531 | D:8      | Identified the +3 rapier of Foul Odors {pierce, rN+ Str+2 Dex-3} (You found it on level 8 of the Dungeon)
 10676 | D:8      | Found a snail-covered altar of Cheibriados.
 10677 | D:8      | Found an ancient bone altar of Kikubaaqudgha.
 10722 | D:8      | Reached skill level 11 in Short Blades
 10756 | D:8      | Found a sacrificial altar of Ru.
 10878 | D:8      | Found a shadowy altar of Dithmenos.
 10917 | D:8      | Found a staircase to the Lair.
 11330 | D:9      | Noticed Maurice
 11364 | D:9      | Killed Maurice
 11485 | D:9      | Noticed Erica
 11501 | D:9      | Killed Erica
 11501 | D:9      | Reached skill level 5 in Dodging
 11672 | D:8      | Got an encrusted rapier
 11673 | D:8      | Identified the +7 rapier of Ragnarok {flame, +Fly rElec rN+ Int+2} (You found it on level 8 of the Dungeon)
 12067 | D:5      | Bought an ichor-stained leather armour for 210 gold pieces
 12077 | D:5      | Identified the +5 leather armour "Dioricos" {-Cast rElec Regen+ Int+4} (You bought it in a shop on level 5 of the Dungeon)
 12085 | D:5      | Learned a level 6 spell: Haste
 12235 | D:8      | Reached skill level 1 in Shields
 12450 | D:9      | Reached XP level 11. HP: 72/72 MP: 17/17
 12509 | D:10     | Entered Level 10 of the Dungeon
 12516 | D:10     | Found a portal to a secret trove of treasure.
 12564 | D:10     | Found a staircase to the Orcish Mines.
 12673 | D:10     | Noticed Snorg
 12704 | D:10     | Killed Snorg
 12704 | D:10     | Reached skill level 12 in Short Blades
 12840 | D:10     | Noticed Nergalle
 12940 | D:10     | Noticed a spectral orc warlord
 12961 | D:10     | Killed Nergalle
 12989 | D:10     | Learned a level 1 spell: Summon Butterflies
 12991 | D:10     | Learned a level 1 spell: Apportation
 13312 | D:11     | Noticed a hill giant
 13327 | D:11     | Killed a hill giant
 14153 | D:12     | Found a labyrinth entrance.
 14172 | Lab      | Entered a labyrinth
 14242 | Lab      | Noticed a minotaur
 14254 | Lab      | Killed a minotaur
 14263 | Lab      | Got a smoking robe
 14280 | Lab      | Identified the +0 robe of Trog's Envy {+Blink MR+ Str+6 Dex-5} (You found it in a labyrinth)
 14310 | Lab      | Identified a scroll of acquirement
 14438 | D:12     | Noticed a hill giant
 14451 | D:12     | Killed a hill giant
 14625 | D:12     | Noticed Urug
 14635 | D:12     | Killed Urug
 14721 | D:12     | Noticed a hill giant
 14729 | D:12     | Killed a hill giant
 14729 | D:12     | Reached skill level 13 in Short Blades
 14879 | D:12     | Reached XP level 12. HP: 61/78 MP: 15/19
 14883 | D:12     | Reached skill level 10 in Invocations
 15473 | Lair:1   | Entered Level 1 of the Lair of Beasts
 15994 | Lair:1   | Noticed Sonja
 16028 | Lair:1   | Killed Sonja
 16335 | Lair:2   | Reached skill level 5 in Shields
 16783 | Lair:2   | Found a staircase to the Snake Pit.
 16923 | Lair:2   | Reached skill level 14 in Short Blades
 17071 | Lair:3   | Reached skill level 1 in Stealth
 17689 | Lair:3   | Found a staircase to the Swamp.
 17816 | Lair:4   | Gained mutation: You may emit foul miasma when damaged in melee. [demonic ancestry]
 17816 | Lair:4   | Reached XP level 13. HP: 69/85 MP: 21/21
 18451 | Lair:5   | Noticed Rupert
 18458 | Lair:5   | Killed Rupert
 18902 | Lair:6   | Entered Level 6 of the Lair of Beasts
 18934 | Lair:6   | Learned a level 2 spell: Passwall
 18937 | Lair:6   | Learned a level 2 spell: Swiftness
 19020 | Lair:6   | Found a staircase to the Slime Pits.
 19021 | Lair:6   | Found a viscous altar of Jiyva.
 19035 | Lair:6   | Noticed Nessos
 19547 | Lair:6   | Reached skill level 5 in Fighting
 19625 | Lair:6   | Killed Nessos
 19625 | Lair:6   | Reached skill level 5 in Stealth
 19923 | Orc:1    | Entered Level 1 of the Orcish Mines
 19986 | Orc:1    | Found Ama Vyll's Distillery.
 20062 | Orc:1    | Bought a potion of haste for 120 gold pieces
 20254 | Orc:2    | Entered Level 2 of the Orcish Mines
 20276 | Orc:2    | Reached XP level 14. HP: 84/98 MP: 23/23
 20293 | Orc:2    | Found Batixzuro's General Store.
 20375 | Orc:2    | Found Cufush's Antique Weapon Emporium.
 20405 | Orc:2    | Found Efued's Antique Armour Shop.
 20438 | Orc:2    | Bought a pair of glowing gloves for 112 gold pieces
 20556 | Orc:2    | Found Upumul's Book Shoppe.
 20667 | Orc:2    | Found Eduuju's Antique Weapon Shoppe.
 20669 | Orc:2    | Noticed an orc warlord
 20683 | Orc:2    | Killed an orc warlord
 20695 | Orc:2    | Found a staircase to the Elven Halls.
 20938 | Orc:2    | Bought a scroll of teleportation for 39 gold pieces
 20938 | Orc:2    | Bought a scroll of teleportation for 39 gold pieces
 21204 | Orc:2    | Noticed an orc warlord
 21216 | Orc:2    | Killed an orc warlord
 21415 | Orc:2    | Bought an ancient chain mail for 237 gold pieces
 21415 | Orc:2    | Bought a brightly glowing shield for 237 gold pieces
 21429 | Orc:2    | Identified the +8 shield of the Tundras {Str+3 Dex+3} (You bought it in a shop on level 2 of the Orcish Mines)
 21450 | Orc:2    | Identified the +7 chain mail of a treasure trove {rElec Str+2 SInv} (You bought it in a shop on level 2 of the Orcish Mines)
 21491 | Orc:1    | Noticed an orc warlord
 21496 | Orc:1    | Mangled by an orc warlord

Vault maps used:
D:1:      elethiomel_arrival_fortress_basement
D:2:      nicolae_overflow_crystal_walls
D:4:      first_bread
D:5:      serial_shops, kennysheep_mini
D:6:      lemuel_castle_with_subvaults, dancing_weapons_uskayaw,
          minmay_statues_item
D:7:      kennysheep_nub
D:8:      hangedman_cross_stitches, nicolae_overflow_hidden_temple,
          lair_0_dummy, basic_altar
D:9:      uniq_maurice, uniq_erica
D:10:     orc_0_dummy, nicolae_trove_entry_free_sample, grunt_livestock,
          uniq_snorg, uniq_nergalle
D:12:     lab_entry_generic, special_room, uniq_urug
Temple:   minmay_crystal_spiral_temple
Lair:1:   grunt_forest_stairs_basic, minivault_24, uniq_sonja
Lair:2:   guppyfry_snake_entry_garden, special_room, serial_bayou_lagoon_b
Lair:3:   minmay_swamp_entry_worms, pf_torpor_hydra, bh_autumn_forest_stairs,
          grunt_megastairs_1
Lair:5:   uniq_rupert
Lair:6:   grunt_lair_end_beastmaster, slime_altar_1, serial_bayou_pond_c,
          nicolae_quartered_pool_super, uniq_nessos
Orc:1:    serial_shops, nicolae_shop_waterfront, statue_in_the_mist_lemuel
Orc:2:    grunt_orc_gardens, grunt_orc_garden, grunt_orc_garden,
          grunt_orc_garden, grunt_orc_garden, serial_shops, shop
Lab:      labyrinth_hidden_loot, labyrinth_lava_lair, nicolae_lab_blocks

Skill      XL: |  1  2  3  4  5  6  7  8  9 10 11 12 13 14 |
---------------+-------------------------------------------+-----
Short Blades   | 3 4 5 6 7 9 10 11 13 14 | 14.0
Dodging        | 3 5 6 8 9 |  9.8
Armour         | 1 2 3 4 5 6 7 |  7.0
Invocations    | 3 6 8 9 11 12 13 | 13.6
Shields        | 1 3 5 7 8 |  8.2
Stealth        | 2 5 6 |  6.5
Fighting       | 5 6 |  6.5
Throwing       | |  1.7

Action                   |  1- 3 |  4- 6 |  7- 9 | 10-12 | 13-15 || total
-------------------------+-------+-------+-------+-------+-------++-------
Melee: Rapier            |   116 |   316 |   895 |   819 |   472 ||  2618
Throw: Throwing net      |     6 |     5 |     3 |     5 |       ||    19
       Tomahawk          |       |       |       |     5 |       ||     5
Invok: Stomp             |       |       |     2 |    24 |    11 ||    37
       Line Pass         |       |       |     3 |     4 |     3 ||    10
       Grand Finale      |       |       |       |       |     5 ||     5
Evoke: Wand              |       |       |       |    11 |    14 ||    25
  Use: Scroll            |     4 |     4 |     4 |    21 |     3 ||    36
       Potion            |     2 |       |     7 |     1 |       ||    10
 Stab: Held in net/web   |     1 |     1 |     3 |     3 |       ||     8
       Paralysed         |       |       |    19 |    52 |    44 ||   115
       Invisible         |       |       |       |     2 |       ||     2
       Sleeping          |       |       |       |     1 |     2 ||     3
       Confused          |       |       |       |       |     2 ||     2
       Distracted        |       |       |       |       |     1 ||     1
       Petrified         |       |       |       |       |     1 ||     1
  Eat: Chunk             |     2 |    11 |    19 |    26 |    17 ||    75
       Beef jerky        |       |       |     1 |     1 |     1 ||     3
Armor: Scale mail        |    59 |    47 |       |     4 |       ||   110
       Chain mail        |       |   117 |   472 |    58 |       ||   647
       Leather armour    |       |       |       |   150 |    88 ||   238
Dodge: Dodged            |    62 |   128 |   233 |   345 |   131 ||   899
Block: Shield            |       |       |       |   179 |   191 ||   370
